 Dungeon Crawl Stone Soup version 0.26.1-2-gb8aa6d0cf2 (webtiles) character file.

Game seed: 12471423197172813279

266 Gadfly the Chopper (level 6, -3/47 HPs)
             Began as a Formicid Abyssal Knight on Feb 10, 2021.
             Was a Priest of Lugonu.
             Killed from afar by a dart slug (5 damage)
             ... with a slug dart
             ... on level 4 of the Dungeon.
             The game lasted 00:06:03 (2824 turns).

Gadfly the Chopper (Formicid Abyssal Knight)        Turns: 2824, Time: 00:06:03

Health: -3/47      AC: 14    Str: 18    XL:     6   Next: 44%
Magic:  8/8        EV:  5    Int: 12    God:    Lugonu [***...]
Gold:   188        SH:  5    Dex: 16    Spells: 5/5 levels left

rFire    . . .     SeeInvis +   a - +2 hand axe
rCold    . . .     Faith    .   n - +0 buckler
rNeg     . . .     Spirit   .   k - +0 plate armour
rPois    .         Reflect  .   (helmet unavailable)
rElec    .         Harm     .   l - +2 cloak
rCorr    .         Rampage  .   (no gloves)
Will     .....                  (no boots)
Stlth    ..........             (no amulet)
HPRegen  0.15/turn              f - +6 ring of dexterity
MPRegen  0.11/turn              (no ring)

@: mighty
A: permanent stasis, dig shafts and tunnels, four strong arms, antennae 3
a: Dig, Shaft Self, Renounce Religion, Depart the Abyss, Bend Space, Banish


You were on level 4 of the Dungeon.
You worshipped Lugonu.
Lugonu was most pleased with you.
You visited 1 branch of the dungeon, and saw 4 of its levels.
You visited the Abyss 1 time.

You collected 188 gold pieces.

Inventory:

Hand Weapons
 a - a +2 hand axe (weapon)
 b - a +0 vorpal flail
Armour
 k - a +0 plate armour (worn)
 l - a +2 cloak (worn)
 n - a +0 buckler (worn)
Jewellery
 f - a +6 ring of dexterity (left hand)
Scrolls
 c - a scroll of enchant armour
 d - 2 scrolls of enchant weapon
 q - 2 scrolls of fog
Potions
 h - a potion of mutation
 i - a potion of heal wounds {unknown}
 j - 2 potions of flight
 m - 3 potions of curing
 o - 2 potions of attraction
 p - a potion of degeneration {unknown}


   Skills:
 - Level 3.2 Fighting
 * Level 3.5 Axes
 + Level 3.0 Armour
 - Level 0.8 Dodging
 * Level 3.3 Shields
 + Level 3.3 Invocations
 * Level 3.0 Evocations


You had 5 spell levels left.
You didn't know any spells.
Your spell library was empty.

Dungeon Overview and Level Annotations

Branches:
Dungeon (4/15)
 Temple: D:4-7

Altars:
Ashenzari
Fedhas
Nemelex Xobeh
Sif Muna
Trog

Annotations:
D:4 Menkaure, Natasha


Innate Abilities, Weirdness & Mutations

You cannot be hasted, slowed, berserked, paralysed or teleported.
You can dig through walls and to a lower floor.
Your four strong arms can wield two-handed weapons with a shield.
You have a pair of large antennae on your head. (SInv)


Message History

You are too injured to fight recklessly!
You are too injured to fight recklessly!
Unknown command.
You feel better. You block Natasha's attack.
Menkaure calls on the powers of darkness!
Your body is wracked with pain!
* * * LOW HITPOINT WARNING * * *
Natasha convulses!
The dart slug convulses!
Unknown command.
It was a potion of might.
You feel very mighty all of a sudden.
Natasha wildly gestures.
Natasha shimmers violently.
Natasha stares at you and mumbles some strange words.
The magic dart hits you but does no damage.
Menkaure hits you!
* * * LOW HITPOINT WARNING * * *
The dart slug launches a dart at you. The slug dart hits you.
You die...

. . .# ≈# .
..# ≈# . ...#
≈≈# . ..# ...#
. .?.####.≈##.
. #w#.......#
. ##........#
. #...@h....#
) #...M......#
[............#
.....##......#
....# ##.....#
#... ..##...
##. .## ..# #
.. .#


You could see Menkaure, Natasha and a dart slug.

Vanquished Creatures
  An orc priest (D:3)
  A hound (D:4)
  A bullfrog skeleton (D:3)
  2 orc wizards (D:3)
  5 adders
  3 oozes
  2 dart slugs (D:1)
  2 leopard geckos
  3 orcs (D:3)
  A giant cockroach (D:1)
  9 goblins
  9 hobgoblins
  3 quokkas
  2 ball pythons
  2 bats
  4 frilled lizards
  6 kobolds
  10 rats
66 creatures vanquished.

Notes
Turn   | Place    | Note
-------+----------+-------------------------------------------
     0 | Abyss:1  | Gadfly the Formicid Abyssal Knight began the quest for the
                  | Orb.
     0 | Abyss:1  | Reached XP level 1. HP: 18/18 MP: 2/2
    87 | D:1      | Escaped the Abyss
   320 | D:1      | Reached XP level 2. HP: 24/24 MP: 3/3
   325 | D:1      | Reached skill level 1 in Shields
   458 | D:1      | Reached skill level 1 in Evocations
   462 | D:1      | Reached XP level 3. HP: 29/29 MP: 4/4
   611 | D:1      | Reached ** piety under Lugonu
  1120 | D:2      | Reached XP level 4. HP: 35/35 MP: 5/5
  1948 | D:2      | Found a blossoming altar of Fedhas.
  2056 | D:3      | Reached XP level 5. HP: 37/41 MP: 7/7
  2201 | D:3      | Found a bloodstained altar of Trog.
  2345 | D:3      | Found a broken altar of Ashenzari.
  2345 | D:3      | Found a shimmering blue altar of Sif Muna.
  2345 | D:3      | Found a sparkling altar of Nemelex Xobeh.
  2472 | D:3      | Reached *** piety under Lugonu
  2473 | D:3      | Reached XP level 6. HP: 24/47 MP: 8/8
  2782 | D:4      | Noticed an ogre
  2819 | D:4      | Noticed Menkaure
  2819 | D:4      | Noticed Natasha
  2824 | D:4      | HP: 2/47 [Menkaure (10)]
  2824 | D:4      | Killed from afar by a dart slug

Illustrated notes

Levels and vault maps discovered:
D:1:      minmay_arrival_widening_spiral_wide, layout_rooms
D:2:      layout_basic, fedhas_ov_isle_minmay
D:3:      layout_rooms, gammafunk_temple_overflow_claw,
          trog_three_pillars_becter
D:4:      layout_cave_pools, lemuel_round_altar, gup_sewer_entry_pipe,
          serial_shops, shop, shop, uniq_menkaure, uniq_natasha

Skill      XL: |  1  2  3  4  5  6 |
---------------+-------------------+-----
Shields        | 1 2 3 |  3.3
Evocations     | 1 2 3 |  3.0
Axes           | 3 |  3.5
Invocations    | 3 |  3.3
Armour         | 3 |  3.0
Fighting       | |  3.2
Dodging        | |  0.8

Action                   |  1- 3 |  4- 6 || total
-------------------------+-------+-------++-------
Melee: Hand axe          |    96 |   156 ||   252
  Use: Scroll            |     3 |     5 ||     8
       Potion            |     1 |     5 ||     6
Armor: Leather armour    |     3 |       ||     3
       Ring mail         |    33 |    38 ||    71
       Plate armour      |       |    54 ||    54
Dodge: Dodged            |    69 |    68 ||   137
Block: Buckler           |       |    24 ||    24
